 Dungeon Crawl Stone Soup version 0.26-a0-1176-g060ceda6a5 (webtiles) character file.

Game seed: 549802431404105663

50944 Armakuni the Fighter (level 14, 122/122 HPs)
             Began as a Hill Orc Monk on Apr 10, 2020.
             Was a High Priest of Elyvilon.
             Got out of the dungeon alive.
             The game lasted 00:56:38 (17064 turns).

Armakuni the Fighter (Hill Orc Monk)               Turns: 17064, Time: 00:56:39

Health: 122/122    AC: 20    Str: 18    XL:     14   Next: 57%
Magic:  21/21      EV: 28    Int: 13    God:    Elyvilon [*****.]
Gold:   564        SH:  0    Dex: 13    Spells: 12/13 levels left

rFire    + + .     SeeInvis .   a - +9 rapier (venom)
rCold    . . .     Faith    +   (no shield)
rNeg     . . .     Spirit   .   K - +2 swamp dragon scales
rPois    +         Reflect  .   j - +2 hat of the Commoners {rF++ Str+2}
rElec    .         Harm     .   y - +2 cloak
rCorr    .         Rampage  .   k - +0 pair of gloves
Will     +....                  w - +0 pair of boots
Stlth    +.........             U - amulet of faith
HPRegen  0.30/turn              V - +6 ring of evasion
MPRegen  0.17/turn              E - +6 ring of evasion

@: no status effects
A: no striking features
a: Renounce Religion, Lesser Healing, Heal Other, Purification, Greater Healing,
Divine Vigour, Divine Protection


You escaped.
You worshipped Elyvilon.
Elyvilon was extremely pleased with you.
You visited 3 branches of the dungeon, and saw 19 of its levels.
You also visited: Gauntlet.

You collected 1314 gold pieces.
You spent 750 gold pieces at shops.

Inventory:

Hand Weapons
 a - a +9 rapier of venom (weapon)
 q - the +7 long sword of Fimbulwinter {freeze, *Drain rN+ Will+ Dex+4}
   (You found it on level 5 of the Lair of Beasts)

   It has been specially enchanted to freeze those struck by it, causing extra
   injury to most foes and up to half again as much damage against particularly
   susceptible opponents.
   It can also slow down cold-blooded creatures.
   It affects your dexterity (+4).
   It protects you from negative energy.
   It affects your willpower, your defense against some magical effects.
   It causes draining when unequipped.
Missiles
 e - 47 poisoned darts
 x - 7 silver javelins
 D - 3 curare-tipped darts
 M - 13 javelins
Armour
 j - the +2 hat of the Commoners (worn) {rF++ Str+2}
   (You found it on level 2 of the Lair of Beasts)

   It affects your strength (+2).
   It greatly protects you from fire.
 k - a +0 pair of gloves (worn)
 w - a +0 pair of boots (worn)
 y - a +2 cloak (worn)
 G - the +1 pair of gloves "Tyaro" {+Fly Will- Str+4 Int+2}
   (You found it in a Gauntlet)

   It affects your strength (+4).
   It affects your intelligence (+2).
   It affects your willpower, your defense against some magical effects.
   It lets you fly.
 K - +2 swamp dragon scales (worn)
 P - a +0 kite shield
Jewellery
 E - a +6 ring of evasion (right hand)
 I - an uncursed ring of see invisible
 U - an amulet of faith (around neck)
 V - a +6 ring of evasion (left hand)
Wands
 f - a wand of flame (57) (quivered)
 v - a wand of digging (4)
 L - a wand of iceblast (10)
 N - a wand of polymorph (14)
 T - a wand of enslavement (2)
Scrolls
 g - 3 scrolls of remove curse
 h - 3 scrolls of amnesia
 i - 2 scrolls of identify
 m - 5 scrolls of magic mapping
 o - 7 scrolls of teleportation
 p - a scroll of fear
 s - 2 scrolls of blinking
 B - 2 scrolls of enchant weapon
 C - a scroll of holy word
 H - a scroll of immolation
 W - 2 scrolls of fog
Potions
 b - 5 potions of flight
 c - 4 potions of haste
 d - 3 potions of cancellation
 n - 6 potions of mutation
 r - 8 potions of curing
 u - a potion of attraction
 z - 6 potions of heal wounds
 A - 2 potions of lignification
 F - 2 potions of resistance
 O - a potion of ambrosia
Miscellaneous
 R - a lightning rod (1/4)
 S - a tin of tremorstones (inert)
Comestibles
 l - 24 removed foods


   Skills:
 - Level 10.4 Fighting
 - Level 10.0(11.0) Short Blades
 + Level 8.6(10.9) Long Blades
 - Level 10.0 Throwing
 - Level 10.0 Armour
 - Level 10.0 Dodging
 - Level 1.5 Stealth
 - Level 6.8 Unarmed Combat
 - Level 10.0 Invocations


You had 12 spell levels left.
You knew the following spells:

 Your Spells              Type           Power        Failure   Level
z - Apportation           Tloc           0%           43%         1

Your spell library contained the following spells:

 Spells                   Type           Power        Failure   Level
 Animate Skeleton         Necr           0%           43%         1
 Corona                   Hex            0%           43%         1
 Sandblast                Erth           0%           43%         1
 Summon Small Mammal      Summ           0%           43%         1
 Passwall                 Tmut/Erth      0%           58%         2
 Poisonous Vapours        Pois/Air       0%           58%         2
 Confusing Touch          Hex            0%           82%         3
 Gell's Gravitas          Tloc           0%           82%         3
 Stone Arrow              Conj/Erth      0%           82%         3
 Petrify                  Tmut/Erth      0%           99%         4
 Metabolic Englaciation   Hex/Ice        0%           100%        5
 Yara's Violent Unravell  Hex/Tmut       0%           100%        5
 Statue Form              Tmut/Erth      0%           100%        6


Dungeon Overview and Level Annotations

Branches:
Dungeon (12/15)            Temple (1/1) D:6            Lair (6/6) D:11
  Swamp (0/4) Lair:2       Spider (0/4) Lair:4        Slime (0/5) Lair:5
Gauntlet (visited)
    Orc: D:9-12

Altars:
Ashenzari
Cheibriados
Dithmenos
Elyvilon
Fedhas
Gozag
Hepliaklqana
Kikubaaqudgha
Makhleb
Nemelex Xobeh
Okawaru
Qazlal
Ru
Sif Muna
Trog
Uskayaw
Vehumet
Wu Jian
Xom
Yredelemnul
Zin
The Shining One
Jiyva

Shops:
D:7 *


Message History

You climb upwards.
There is a stone staircase leading down here.
You open the door.
There is an open door here.
There is an open door here.
There is a stone staircase leading up here.
You climb upwards.
There is a stone staircase leading down here.
There is an open door here.
Things that are here:
7 stones; a +1 dagger of electrocution You see here a stone.
You see here 2 stones.
You see here a stone.
There is a large open door here.
There is a large open door here.
There is a fountain of clear blue water here.
There is a staircase leading out of the dungeon here.
Are you sure you want to leave the Dungeon?
This will make you lose the game!
You have escaped!

#.# #...^....# #.#
#........# #.#
######........# ######.#
##........######
.......# #...##....#...#
.......# #.#..(......#.#
## .......#
#.##..#'#..##.#########.
.......#
#..####⌠####...#.....##.
.......#
#8..)'⌠@⌠''..8....(((..(
######.#
#..####⌠####...#....(##.
#.#
#.##..#'#..##..#.)...###
#÷#
#.#.........#.##.....# #
#)#
#...#....##...###.#### #
#.# #####.######### #.#
# #.# #.# #.# # #.# #.#
#.# # #.#
#.###########.# #


There were no monsters in sight!

Vanquished Creatures
  Rupert (Lair:5)
  Kirke (Lair:6)
  Nessos (Lair:4)
  A minotaur (Gauntlet)
  Snorg (Lair:6)
  Fannar (Lair:1)
  3 hydras
  A catoblepas (Lair:4)
  The ghost of Zorot the Fighter, a novice FoGl of Qazlal (D:8)
  4 two-headed ogres
  A deep troll shaman (Lair:6)
  A death yak (Lair:6)
  Pikel (D:6)
  A slime creature (D:8)
  An ugly thing (D:12)
  4 elephants (Lair:6)
  A cyclops (D:12)
  6 black mambas
  Maggie (D:6)
  9 cane toads
  3 torpor snails (Lair:6)
  2 gargoyles
  An eye of devastation (Lair:5)
  A rime drake (Lair:6)
  A yaktaur (Lair:4)
  6 komodo dragons
  A queen bee (Lair:1)
  2 trolls
  A polar bear (Lair:4)
  A jumping spider (Lair:4)
  A raiju (Gauntlet)
  Grinder (D:6)
  7 blink frogs
  4 dream sheep (Lair:4)
  3 removed hippogriffs
  A spriggan (D:7)
  Sigmund (D:5)
  2 wyverns
  A vampire (D:12)
  5 hogs (Lair:6)
  A basilisk (Lair:3)
  2 wraiths
  22 yaks
  Eustachio (D:5)
  A steam dragon (Gauntlet)
  2 removed hungry ghosts
  9 removed porcupines
  An acid dragon (D:11)
  9 water moccasins
  2 sky beasts (D:8)
  Duvessa (D:6)
  4 black bears
  2 orc warriors
  A hornet zombie (D:12)
  2 ice beasts
  7 phantoms
  A necrophage (D:10)
  2 eyes of draining
  4 wolves (Lair:6)
  10 centaurs
  5 ogres
  7 removed crocodiles
  Blork the orc (D:6)
  9 big kobolds
  18 bullfrogs
  Dowan (D:6)
  A water moccasin zombie (D:8)
  6 scorpions
  24 killer bees
  5 howler monkeys
  6 crimson imps
  A quasit (D:9)
  8 jellies
  2 bullfrog zombies
  5 hounds
  A centaur zombie (D:11)
  4 gnoll shamans (D:6)
  2 orc priests
  A bullfrog skeleton (D:10)
  Crazy Yiuf (D:6)
  2 iguanas
  6 orc wizards
  7 worker ants
  A hound zombie (D:9)
  3 hound skeletons
  2 worker ant zombies (D:5)
  36 gnolls
  10 adders
  2 shadow imps
  An ufetubus (Gauntlet)
  3 oozes
  An adder zombie (D:6)
  3 worms
  3 dart slugs
  12 leopard geckos
  35 orcs
  2 ball pythons (D:7)
  7 bats
  7 giant cockroaches
  13 goblins
  12 hobgoblins
  28 jackals
  6 quokkas
  6 frilled lizards
  42 kobolds
  A quokka skeleton (D:4)
  9 rats
538 creatures vanquished.

Vanquished Creatures (collateral kills)
  3 dream sheep (Lair:4)
3 creatures vanquished.

Vanquished Creatures (others)
  A hydra (Lair:2)
  A death scarab (Gauntlet)
  6 death yaks (Lair:6)
  2 blink frogs (Lair:6)
  A bog body (Lair:2)
  2 spectral fire crabs (Gauntlet)
  A basilisk (Lair:6)
  2 removed slaves (D:6)
  An ogre (D:6)
  2 gnolls (D:6)
  3 bushes (Lair:6)
  A demonic plant (Gauntlet)
  34 fungi
  31 plants
88 creatures vanquished.

Grand Total: 629 creatures vanquished

Notes
Turn   | Place    | Note
-------+----------+-------------------------------------------
     0 | D:1      | Armakuni the Hill Orc Monk began the quest for the Orb.
     0 | D:1      | Reached XP level 1. HP: 19/19 MP: 1/1
    92 | D:1      | Reached XP level 2. HP: 24/27 MP: 2/2
   219 | D:1      | Reached XP level 3. HP: 24/34 MP: 3/3
   414 | D:1      | Found a glowing golden altar of the Shining One.
   892 | D:2      | Reached skill level 1 in Armour
   897 | D:2      | Reached XP level 4. HP: 25/41 MP: 4/4
  1118 | D:2      | Found a hazy altar of Hepliaklqana.
  1438 | D:2      | Reached XP level 5. HP: 15/47 MP: 5/5
  1628 | D:2      | Found a sparkling altar of Nemelex Xobeh.
  2137 | D:3      | Found a bloodstained altar of Trog.
  2675 | D:3      | Noticed a big kobold
  2686 | D:3      | Killed a big kobold
  2686 | D:3      | Reached skill level 5 in Fighting
  2686 | D:3      | Reached XP level 6. HP: 49/56 MP: 6/6
  3049 | D:4      | Reached skill level 1 in Throwing
  3111 | D:4      | Noticed a phantom
  3164 | D:4      | Killed a phantom
  3610 | D:5      | Entered Level 5 of the Dungeon
  3610 | D:5      | Noticed a phantom
  3663 | D:4      | Killed a phantom
  3663 | D:4      | Reached XP level 7. HP: 42/61 MP: 7/7
  3843 | D:5      | Reached skill level 5 in Unarmed Combat
  3851 | D:5      | Noticed Eustachio
  3886 | D:5      | Killed Eustachio
  4318 | D:5      | Reached XP level 8. HP: 71/71 MP: 8/8
  4706 | D:5      | Reached skill level 1 in Short Blades
  4755 | D:5      | Noticed Sigmund
  4775 | D:5      | Killed Sigmund
  5086 | D:5      | Reached skill level 5 in Short Blades
  5176 | D:5      | Reached XP level 9. HP: 79/79 MP: 9/9
  5439 | D:6      | Noticed Blork the orc
  5450 | D:6      | Killed Blork the orc
  5450 | D:6      | Reached skill level 5 in Armour
  5550 | D:6      | Found a staircase to the Ecumenical Temple.
  5560 | Temple   | Entered the Ecumenical Temple
  5704 | D:6      | Noticed Dowan
  5705 | D:6      | Noticed Duvessa
  5715 | D:6      | Killed Duvessa
  5905 | D:6      | Killed Dowan
  5912 | D:6      | Noticed Maggie
  5927 | D:6      | Killed Maggie
  6231 | D:6      | Noticed Grinder
  6231 | D:6      | Paralysed by Grinder for 2 turns
  6242 | D:6      | Paralysed by Grinder for 6 turns
  6257 | D:6      | Killed Grinder
  6637 | D:6      | Noticed Pikel
  6650 | D:6      | Killed Pikel
  6650 | D:6      | Reached skill level 10 in Fighting
  6650 | D:6      | Reached XP level 10. HP: 93/94 MP: 10/10
  6979 | D:6      | Found a shattered altar of Ashenzari.
  7175 | D:6      | Found a runed translucent door.
  7176 | D:6      | Noticed Crazy Yiuf
  7184 | D:6      | Killed Crazy Yiuf
  7619 | D:7      | Found a sparkling altar of Nemelex Xobeh.
  7619 | D:7      | Found a radiant altar of Vehumet.
  7768 | D:7      | Found Yzuon's Serpentskin Sales.
  8145 | D:8      | Found a white marble altar of Elyvilon.
  8148 | D:8      | Became a worshipper of Elyvilon the Healer
  8148 | D:8      | Reached * piety under Elyvilon
  8148 | D:8      | Reached ** piety under Elyvilon
  8335 | D:8      | Found a runed translucent gate.
  8335 | D:8      | Found a runed translucent gate.
  8335 | D:8      | Found a runed translucent gate.
  8337 | D:8      | Found a viscous altar of Jiyva.
  8337 | D:8      | Noticed Zorot's ghost (novice FoGl)
  8538 | D:9      | Reached skill level 1 in Invocations
  8584 | D:9      | Found a basalt altar of Yredelemnul.
  8650 | D:9      | Found a blossoming altar of Fedhas.
  8686 | D:9      | Noticed a gargoyle
  8702 | D:9      | Killed a gargoyle
  8845 | D:9      | Noticed a two-headed ogre
  8854 | D:9      | Killed a two-headed ogre
  8858 | D:9      | Reached XP level 11. HP: 92/101 MP: 13/15
  8954 | D:9      | Reached *** piety under Elyvilon
  9240 | D:10     | Entered Level 10 of the Dungeon
  9667 | D:10     | Reached skill level 10 in Invocations
 10055 | D:11     | Noticed a two-headed ogre
 10075 | D:11     | Killed a two-headed ogre
 10075 | D:11     | Reached skill level 5 in Dodging
 10129 | D:11     | Found a staircase to the Lair.
 10210 | D:11     | Noticed a two-headed ogre
 10218 | D:11     | Killed a two-headed ogre
 10277 | D:11     | Reached XP level 12. HP: 107/107 MP: 19/19
 10321 | D:11     | Learned a level 1 spell: Apportation
 10326 | D:11     | Reached **** piety under Elyvilon
 10603 | D:12     | Noticed a two-headed ogre
 10633 | D:12     | Killed a two-headed ogre
 10805 | D:7      | Bought +0 swamp dragon scales for 750 gold pieces
 10986 | D:8      | Killed Zorot's ghost
 11121 | Lair:1   | Entered Level 1 of the Lair of Beasts
 11126 | Lair:1   | Identified the +9 trident of Pyromania {drain, Int+3
                  | Stlth+} (You found it on level 1 of the Lair of Beasts)
 11478 | Lair:1   | Noticed Fannar
 11497 | Lair:1   | Killed Fannar
 11520 | Lair:1   | Reached skill level 10 in Short Blades
 11879 | Lair:2   | Found a transporter.
 11890 | Lair:2   | Noticed a five-headed hydra
 11896 | Lair:2   | Pacified a five-headed hydra
 11912 | Lair:2   | Found a transporter.
 11946 | Lair:2   | Reached ***** piety under Elyvilon
 11983 | Lair:2   | Got a faintly glowing hat
 12000 | Lair:2   | Identified the +2 hat of the Commoners {rF++ Str+2} (You
                  | found it on level 2 of the Lair of Beasts)
 12262 | Lair:2   | Noticed a five-headed hydra
 12267 | Lair:2   | Noticed a four-headed hydra
 12273 | Lair:2   | Pacified a four-headed hydra
 12276 | Lair:2   | Killed a four-headed hydra
 12277 | Lair:2   | Killed a five-headed hydra
 12285 | Lair:2   | Reached XP level 13. HP: 74/114 MP: 18/20
 12330 | Lair:2   | Found a staircase to the Swamp.
 12570 | Lair:3   | Reached skill level 10 in Dodging
 12772 | Lair:3   | Found a gate leading to a gauntlet.
 12822 | Gauntlet | Entered a Gauntlet
 12822 | Gauntlet | Found a transporter.
 12831 | Gauntlet | Found a transporter.
 12846 | Gauntlet | Found a transporter.
 12851 | Gauntlet | Found a transporter.
 12868 | Gauntlet | Found a transporter.
 12886 | Gauntlet | Found a transporter.
 12886 | Gauntlet | Noticed a green death
 12898 | Gauntlet | Found a transporter.
 12910 | Gauntlet | Found a transporter.
 12916 | Gauntlet | Found a transporter.
 12929 | Gauntlet | Noticed a reaper
 12931 | Gauntlet | Found a transporter.
 12943 | Gauntlet | Found a transporter.
 12960 | Gauntlet | Found a transporter.
 12978 | Gauntlet | Found a transporter.
 12980 | Gauntlet | Found a transporter.
 13005 | Gauntlet | Found a transporter.
 13007 | Gauntlet | Found a transporter.
 13027 | Gauntlet | Found a transporter.
 13063 | Gauntlet | Found a transporter.
 13153 | Gauntlet | Got a pair of distressingly furry gloves
 13159 | Gauntlet | Identified the Grimoire of Clay and Toxins
 13174 | Gauntlet | Identified the +1 pair of gloves "Tyaro" {+Fly MR- Str+4
                  | Int+2} (You found it in a Gauntlet)
 13206 | Gauntlet | Noticed a minotaur
 13220 | Gauntlet | Killed a minotaur
 13315 | Lair:3   | Reached skill level 10 in Armour
 13371 | Lair:3   | Reached skill level 5 in Throwing
 13966 | Lair:4   | Found a hole to the Spider Nest.
 14255 | Lair:4   | Noticed Nessos
 14278 | Lair:4   | Killed Nessos
 14656 | Lair:5   | Noticed Rupert
 14687 | Lair:5   | Killed Rupert
 14846 | Lair:5   | Reached ****** piety under Elyvilon
 14990 | Lair:5   | Got a bloodstained long sword
 14991 | Lair:5   | Identified the +7 long sword of Fimbulwinter {freeze,
                  | *Drain rN+ MR+ Dex+4} (You found it on level 5 of the Lair
                  | of Beasts)
 14992 | Lair:5   | Upgraded the game from 0.25-a0-734-g73332aeda9 to
                  | 0.25-a0-737-g26c3a87c45
 14992 | Lair:5   | Upgraded the game from 0.25-a0-737-g26c3a87c45 to
                  | 0.25-a0-781-gc44aebf4fe
 15038 | Lair:5   | Upgraded the game from 0.25-a0-781-gc44aebf4fe to
                  | 0.25-a0-782-g655279ceaa
 15044 | Lair:5   | Reached XP level 14. HP: 107/122 MP: 18/21
 15100 | Lair:5   | Upgraded the game from 0.25-a0-782-g655279ceaa to
                  | 0.26-a0-1132-ge9770dfcb6
 15126 | Lair:5   | Found a staircase to the Slime Pits.
 15451 | Lair:6   | Entered Level 6 of the Lair of Beasts
 15508 | Lair:6   | Reached skill level 1 in Long Blades
 15650 | Lair:6   | Noticed Snorg
 15656 | Lair:6   | Killed Snorg
 15821 | Lair:6   | Found a snail-covered altar of Cheibriados.
 15940 | Lair:6   | Reached skill level 10 in Throwing
 16070 | Lair:6   | Reached skill level 5 in Long Blades
 16533 | Lair:6   | Noticed Kirke
 16587 | Lair:6   | Killed Kirke
 16718 | Lair:6   | Upgraded the game from 0.26-a0-1132-ge9770dfcb6 to
                  | 0.26-a0-1176-g060ceda6a5
 17064 | D:$      | Got out of the dungeon alive.

Illustrated notes

Levels and vault maps discovered:
D:1:      grunt_arrival_crossed_arrows, layout_basic, tso_metal_star
D:2:      layout_basic, lemuel_coloured_pillars_altar, nemelex_dance_club_becter
D:3:      layout_rooms, overflow_temple_1_default, st_stairs_11
D:4:      layout_basic, first_ration
D:5:      minmay_goblin_kobold_castle, layout_rooms, uniq_eustachio,
          uniq_sigmund
D:6:      lemuel_castle_with_subvaults [lemuel_castle_interior_carwin_1],
          layout_basic, minmay_temple_entry_large_hall, grunt_ministairs_1,
          nicolae_ashenzari_panopticon, uniq_maggie, uniq_pikel, uniq_grinder,
          uniq_blork_the_orc, uniq_crazy_yiuf_cottage, uniq_duvessa
D:7:      layout_basic, gammafunk_temple_overflow_statue, minmay_misc_feat_tiny,
          the_bakery, guppyfry_shop_venom
D:8:      layout_basic, kennysheep_mini, gammafunk_ghost_ooze
D:9:      layout_irregular_city, nicolae_overflow_crystal_walls, serial_rivers,
          chequers_serial_rivers_small_3, chequers_serial_rivers_room_b,
          chequers_serial_rivers_micro_b, chequers_serial_rivers_micro_a,
          chequers_serial_rivers_micro_d, yredelemnul_altar_generic
D:10:     layout_basic
D:11:     layout_roguey, due_lair_maze_entry_diamond
D:12:     layout_rooms, orc_0_dummy
Temple:   eino_temple_rhombus
Lair:1:   layout_loops_ring, special_room [special_room_bee], uniq_fannar
Lair:2:   gammafunk_cloud_chamber, layout_regular_city,
          skrybe_swamp_entry_bodies, nicolae_volcano_entry_vermiform,
          hangedman_lair_generics_rect
Lair:3:   layout_gridlike, gauntlet_entry_generic
Lair:4:   layout_hall_layers, spider_nest_entry_rubble, beast_lair_carwin_9,
          grunt_megastairs_5, uniq_nessos
Lair:5:   layout_regular_city, minmay_slime_entry_eyes, uniq_rupert
Lair:6:   grunt_lair_end_beastmaster, layout_cellular_growth,
          kennysheep_snail_temple, uniq_kirke, uniq_snorg

Skill      XL: |  1  2  3  4  5  6  7  8  9 10 11 12 13 14 |
---------------+-------------------------------------------+-----
Fighting       | 4 5 6 7 10 | 10.4
Unarmed Combat | 4 6 |  6.8
Armour         | 1 3 4 7 9 10 | 10.0
Throwing       | 3 9 10 | 10.0
Short Blades   | 5 6 8 10 | 10.0
Dodging        | 3 6 9 10 | 10.0
Invocations    | 6 10 | 10.0
Long Blades    | 8 |  8.6
Stealth        | |  1.5

Action                   |  1- 3 |  4- 6 |  7- 9 | 10-12 | 13-15 || total
-------------------------+-------+-------+-------+-------+-------++-------
Melee: Unarmed           |   105 |   358 |   191 |       |       ||   654
       Punch             |     1 |     7 |    11 |    14 |    20 ||    53
       Rapier            |       |       |   227 |   791 |   589 ||  1607
Throw: Dart              |       |    13 |    26 |     2 |     6 ||    47
       Throwing net      |       |       |       |       |     2 ||     2
Invok: Lesser Healing    |       |       |       |    23 |    32 ||    55
       Heal Other        |       |       |       |     8 |    17 ||    25
       Purification      |       |       |       |       |     5 ||     5
Evoke: Wand              |       |       |     1 |     8 |    13 ||    22
       Box of beasts     |       |       |       |       |     5 ||     5
       Lightning rod     |       |       |       |       |     5 ||     5
       Tin of tremorston |       |       |       |       |     2 ||     2
  Use: Scroll            |     1 |     5 |     7 |    14 |     7 ||    34
       Potion            |     1 |     2 |     3 |     1 |     1 ||     8
 Stab: Distracted        |     1 |       |       |       |     1 ||     2
       Sleeping          |       |       |     1 |     1 |       ||     2
       Paralysed         |       |       |       |     2 |       ||     2
       Held in net/web   |       |       |       |       |     4 ||     4
       Petrified         |       |       |       |       |     1 ||     1
  Eat: Removed food      |       |     7 |     5 |    17 |     9 ||    38
       Removed food      |       |     1 |     1 |     3 |     2 ||     7
Armor: Robe              |    15 |       |       |       |       ||    15
       Ring mail         |     1 |   145 |   132 |   148 |       ||   426
       Skin              |       |       |     2 |       |       ||     2
       Swamp dragon scal |       |       |       |    28 |   127 ||   155
Dodge: Dodged            |    69 |   219 |   254 |   646 |   583 ||  1771

Table legend: (Time is in decaauts)
 A = Elapsed time spent in this place.
 B = Non-inter-level travel time spent in this place.
 C = Inter-level travel time spent in this place.
 D = Time resting spent in this place.
 E = Time spent auto-exploring this place.
 F = Levels seen in this place.
 G = Mean time per level.
                   A        B        C        D        E       F      G
               +--------+--------+--------+--------+--------+-----+--------+
         Total |  16705 |  15503 |   1202 |   1885 |   8287 |  20 |  835.2 |
       Dungeon |  10906 |   9953 |    953 |   1635 |   4722 |  12 |  908.8 |
        Temple |    295 |    286 |      9 |    168 |    110 |   1 |  295.0 |
          Lair |   5101 |   4861 |    240 |     82 |   3250 |   6 |  850.2 |
      Gauntlet |    402 |    402 |      0 |      0 |    205 |   1 |  402.0 |
               +--------+--------+--------+--------+--------+-----+--------+

Top non-repeatable levels by time:
  Lair:6: 1258 daAuts
  Lair:5: 355 daAuts
     D:6: 39 daAuts
     D:2: 31 daAuts
  Lair:4: 30 daAuts
     D:1: 27 daAuts
     D:4: 26 daAuts
  Lair:2: 24 daAuts
     D:5: 22 daAuts
  Lair:1: 20 daAuts
     D:7: 20 daAuts
    D:11: 17 daAuts
    D:10: 12 daAuts
     D:3: 11 daAuts
     D:8: 10 daAuts
Note: time per level data comes from an upgraded game and may be incomplete.
